 Dungeon Crawl Stone Soup version 0.18.1-48-g4cf74bf (webtiles) character file.

5387 Lovchig the Blocker (level 10, -6/81 HPs)
             Began as a Minotaur Fighter on Aug 18, 2016.
             Was an Elder of Jiyva.
             Shot with an arrow by a centaur warrior (22 damage)
             ... on level 9 of the Dungeon.
             The game lasted 00:27:31 (6413 turns).

Lovchig the Blocker (Minotaur Fighter)              Turns: 6413, Time: 00:27:31

Health: -6/81      AC: 14    Str: 24    XL:     10   Next: 39%
Magic:  9/9        EV: 10    Int:  5    God:    Jiyva [****..]
Gold:   433        SH: 14    Dex: 13    Spells: 0 memorised, 9 levels left

rFire  + . .     SeeInvis .     a - +1 war axe
rCold  . . .     Gourm    .     i - +0 chain mail
rNeg   . . .     Faith    +     c - +1 shield
rPois  .         Spirit   .     (helmet restricted)
rElec  .         Dismiss  .     q - +0 cloak
rCorr  +         Reflect  .     (no gloves)
SustAt .         Harm     .     (no boots)
MR     .....                    E - amulet of faith
Stlth  ..........               (no ring)
                                l - +3 ring of dexterity

@: studying Armour, not resistant to hostile enchantments, extremely unstealthy
A: retaliatory headbutt, horns 2, talons 1, rugged brown scales 1, deterioration
1, fire resistance 1, frail 1, gelatinous body 1
a: Request Jelly, Jelly Paralyse, Slimify, Renounce Religion


You were on level 9 of the Dungeon.
You worshipped Jiyva.
Jiyva was greatly pleased with you.
You were not hungry.

You visited 2 branches of the dungeon, and saw 10 of its levels.

You collected 433 gold pieces.

Inventory:

Hand Weapons
 a - a +1 war axe (weapon)
Armour
 c - a +1 shield (worn)
 i - a +0 chain mail (worn)
 q - a +0 cloak (worn)
Jewellery
 l - a +3 ring of dexterity (left hand)
 E - an amulet of faith (around neck)
Wands
 g - a wand of lightning (8/15)
 y - a wand of slowing (25/48)
 B - a wand of acid (6/15)
 D - a wand of acid (6/15)
Scrolls
 s - 6 scrolls of remove curse
 v - 2 scrolls of teleportation
 w - a scroll of fear
Potions
 b - 2 potions of berserk rage
 d - 3 potions of might
 e - a potion of lignification
 j - 2 potions of ambrosia
 k - a potion of flight
 o - 5 potions of curing
 p - 4 potions of heal wounds {unknown}
 t - 4 potions of brilliance {unknown}
 u - a potion of haste {unknown}
 x - a potion of cancellation {unknown}
 z - 3 potions of resistance {unknown}
 A - 3 potions of degeneration {unknown}
 C - a potion of magic {unknown}
Books
 F - a manual of Armour
Comestibles
 f - 11 bread rations
 h - 4 meat rations
 m - 2 slices of pizza
 n - 2 beef jerkies
 r - 8 fruits


   Skills:
 * Level 7.9 Fighting
 * Level 9.2 Axes
 * Level 8.7 Armour
 * Level 5.6 Dodging
 - Level 0.8 Stealth
 * Level 11.1 Shields


You had 9 spell levels left.
You didn't know any spells.

Dungeon Overview and Level Annotations

Branches:
Dungeon (9/15)             Temple (1/1) D:6
   Lair: D:8-11         Orc: D:9-12

Altars:
Ashenzari
Cheibriados
Dithmenos
Elyvilon
Fedhas
Gozag
Kikubaaqudgha
Makhleb
Nemelex Xobeh
Okawaru
Pakellas
Qazlal
Ru
Trog
Vehumet
Xom
Yredelemnul
Zin
Jiyva


Innate Abilities, Weirdness & Mutations

You reflexively headbutt those who attack you in melee.
You have a pair of horns on your head.
You have sharp toenails.
You are partially covered in rugged brown scales (AC +1, +3% HP).
Your body sometimes deteriorates upon taking damage.
Your flesh is heat resistant.
You are frail (-10% HP).
Your rubbery body absorbs attacks (AC +1).


Message History

You block the wyvern's attack.
The centaur warrior shoots an arrow.
The arrow hits you! You block the wyvern's attack.
You slash the wyvern!
You kill the wyvern!
You feel your dexterity returning.
The centaur warrior shoots an arrow.
You block the arrow.
The centaur warrior shoots an arrow.
The arrow hits you!!
* * * LOW HITPOINT WARNING * * *
The centaur warrior shoots an arrow.
You block the arrow.
An orc comes into view. It is wielding a flail.
Things that are here:
2 arrows; a wyvern corpse You butcher the wyvern corpse.
The orc shouts!
The centaur warrior shoots an arrow.
The arrow hits you.
* * * LOW HITPOINT WARNING * * *
Things that are here:
3 arrows; a chunk of flesh The centaur warrior shoots an arrow.
The arrow hits you!!
You die...

.............#
#....#
.............#
.......#
#####.......+
.......#
#.......#
.......#
#.......#
.......#
#.......#
.......#
#.......# #
##.......### #
#...@..........
####
+..((..........
....
#..............
....
#..............
>...
#..............
....
#.........o....
#...
#####+##.c.....
#... .... #...
... #


You could see a centaur warrior and an orc.

Vanquished Creatures
  Pikel (D:6)
  A two-headed ogre (D:8)
  Grinder (D:5)
  A wyvern (D:9)
  A spriggan (D:7)
  A hippogriff (D:8)
  Duvessa (D:4)
  2 phantoms
  4 sky beasts
  A black bear (D:8)
  2 orc warriors (D:7)
  4 ogres
  A wasp (D:8)
  A necrophage (D:6)
  5 centaurs
  3 giant frogs (D:7)
  3 big kobolds
  Dowan (D:4)
  4 killer bees (D:7)
  5 scorpions
  2 howler monkeys (D:7)
  2 crimson imps
  A centaur zombie (D:7)
  2 giant frog zombies (D:5)
  A quasit (D:7)
  A jelly (D:5)
  4 hounds
  4 orc wizards
  A centaur skeleton (D:5)
  7 orc priests
  Crazy Yiuf (D:2)
  Jessica (D:3)
  A gnoll shaman (D:8)
  Ijyb (D:2)
  An iguana (D:8)
  5 worker ants
  A killer bee zombie (D:8)
  A hound skeleton (D:5)
  Robin (D:4)
  A howler monkey zombie (D:8)
  A worker ant zombie (D:6)
  13 gnolls
  6 adders
  3 shadow imps
  3 adder zombies
  2 worms (D:5)
  4 dart slugs
  4 giant geckos
  27 orcs
  4 giant cockroaches
  17 goblins
  10 hobgoblins
  11 jackals
  4 quokkas
  3 ball pythons
  7 bats
  7 giant newts
  A jackal zombie (D:8)
  17 kobolds
  2 quokka skeletons
  5 rats
233 creatures vanquished.

Vanquished Creatures (others)
  5 jellies
  A black bear (D:7)
  A slave (D:6)
  A phantom (D:7)
  A giant frog (D:8)
  A hound (D:9)
  A worker ant (D:8)
  A howler monkey zombie (D:8)
  An adder (D:8)
  3 gnolls (D:8)
  A jackal (D:7)
  A quokka (D:8)
18 creatures vanquished.

Grand Total: 251 creatures vanquished

Notes
Turn   | Place    | Note
--------------------------------------------------------------
     0 | D:1      | Lovchig the Minotaur Fighter began the quest for the Orb.
     0 | D:1      | Reached XP level 1. HP: 19/19 MP: 0/0
    77 | D:1      | Reached XP level 2. HP: 26/27 MP: 1/1
   728 | D:2      | Noticed Ijyb
   739 | D:2      | Killed Ijyb
   739 | D:2      | Reached skill level 4 in Shields
   739 | D:2      | Reached XP level 3. HP: 32/33 MP: 2/2
   882 | D:2      | Reached XP level 4. HP: 29/41 MP: 3/3
  1023 | D:2      | Noticed Crazy Yiuf
  1028 | D:2      | Killed Crazy Yiuf
  1028 | D:2      | Reached skill level 1 in Dodging
  1379 | D:3      | Reached XP level 5. HP: 34/47 MP: 4/4
  1432 | D:3      | Noticed Jessica
  1435 | D:3      | Reached skill level 5 in Shields
  1445 | D:3      | Killed Jessica
  1475 | D:3      | Found a burning altar of Makhleb.
  1518 | D:3      | Found a faded altar to an unknown god.
  1747 | D:3      | Found a shattered altar of Ashenzari.
  1891 | D:3      | Reached XP level 6. HP: 55/55 MP: 5/5
  2158 | D:4      | Reached skill level 5 in Armour
  2188 | D:4      | Noticed Robin
  2199 | D:4      | Killed Robin
  2320 | D:4      | Reached skill level 5 in Fighting
  2321 | D:4      | Noticed Duvessa
  2322 | D:4      | Noticed Dowan
  2337 | D:4      | Killed Dowan
  2340 | D:4      | Killed Duvessa
  2340 | D:4      | Reached XP level 7. HP: 41/61 MP: 6/6
  2383 | D:4      | Found a snail-covered altar of Cheibriados.
  2418 | D:4      | Found a glowing silver altar of Zin.
  2425 | D:4      | Reached skill level 6 in Shields
  2492 | D:4      | Gained mutation: You are partially covered in rugged brown scales (AC +1, +3% HP). [mutagenic meat]
  2493 | D:4      | Gained mutation: You are frail (-10% HP). [mutagenic meat]
  2494 | D:4      | Gained mutation: Your body sometimes deteriorates upon taking damage. [mutagenic meat]
  2495 | D:4      | Gained mutation: You have sharp toenails. [mutagenic meat]
  2622 | D:5      | Entered Level 5 of the Dungeon
  2629 | D:5      | Reached skill level 5 in Axes
  2730 | D:5      | Reached skill level 7 in Shields
  2795 | D:5      | Noticed Grinder
  2796 | D:5      | Paralysed by Grinder for 6 turns
  2807 | D:5      | Killed Grinder
  2807 | D:5      | Reached XP level 8. HP: 32/65 MP: 7/7
  3024 | D:5      | Found a blossoming altar of Fedhas.
  3069 | D:5      | Found a basalt altar of Yredelemnul.
  3152 | D:6      | Reached skill level 8 in Shields
  3246 | D:6      | Found a bloodstained altar of Trog.
  3476 | D:6      | Found a staircase to the Ecumenical Temple.
  3504 | D:6      | Reached XP level 9. HP: 69/72 MP: 8/8
  3529 | D:6      | Found a stormy altar of Qazlal.
  3627 | D:6      | Noticed Pikel
  3637 | D:6      | Killed Pikel
  3637 | D:6      | Reached skill level 9 in Shields
  3730 | D:6      | Found a shadowy altar of Dithmenos.
  3866 | D:6      | Found an opulent altar of Gozag.
  3900 | Temple   | Entered the Ecumenical Temple
  4027 | Temple   | Became a worshipper of Jiyva Jeal the Shapeless
  4382 | D:7      | Reached skill level 5 in Dodging
  4578 | D:7      | Reached skill level 10 in Shields
  4728 | D:7      | Reached XP level 10. HP: 44/81 MP: 9/9
  4801 | D:7      | Reached * piety under Jiyva
  5510 | D:8      | Reached ** piety under Jiyva
  5642 | D:8      | Reached *** piety under Jiyva
  5918 | D:8      | Found a sacrificial altar of Ru.
  6234 | D:9      | Reached skill level 11 in Shields
  6244 | D:9      | Gained mutation: Your flesh is heat resistant. [Jiyva's grace]
  6293 | D:9      | Reached **** piety under Jiyva
  6362 | D:9      | Gained mutation: Your rubbery body absorbs attacks (AC +1). [Jiyva's grace]
  6406 | D:9      | Noticed a centaur warrior
  6413 | D:9      | Shot with an arrow by a centaur warrior

Skill      XL: |  1  2  3  4  5  6  7  8  9 10 |
---------------+-------------------------------+-----
Armour         | 4 5 6 7 8 |  8.7
Fighting       | 4 5 6 7 |  7.9
Axes           | 3 4 5 6 8 9 |  9.2
Shields        | 4 5 7 8 10 11 | 11.1
Dodging        | 1 2 3 4 5 |  5.6
Stealth        | |  0.8

Action                   |  1- 3 |  4- 6 |  7- 9 | 10-12 || total
-------------------------+-------+-------+-------+-------++-------
Melee: War axe           |    82 |   137 |   320 |   115 ||   654
       Headbutt          |     7 |    30 |    76 |    27 ||   140
       Kick              |       |       |   100 |    46 ||   146
Invok: Request Jelly     |       |       |       |     6 ||     6
  Use: Scroll            |     6 |     2 |     6 |     2 ||    16
       Potion            |       |       |     1 |       ||     1
  Eat: Chunk             |       |     5 |    12 |     4 ||    21
Armor: Scale mail        |    27 |       |       |       ||    27
       Chain mail        |    16 |    84 |   190 |    43 ||   333
Dodge: Dodged            |    34 |    28 |   122 |    37 ||   221
Block: Shield            |    56 |   104 |   286 |   114 ||   560
